 Dungeon Crawl Stone Soup version bcrawl-1.19.2-6-g6a88ae04c9 (webtiles) character file.

Game seed: 3086214314748937035

32307 Artagas the Cleaver (level 13, -1/116 HPs)
             Began as a Sand Dwarf Sloth Apostle on Jan 5, 2020.
             Was a High Priest of Cheibriados.
             Engulfed by a fire crab's flame (29 damage)
             ... on level 4 of the Lair of Beasts.
             The game lasted 00:48:41 (17432 turns).

Artagas the Cleaver (Sand Dwarf Sloth Apostle)     Turns: 17432, Time: 00:48:42

Health: -1/116     AC: 11    Str: 30    XL:     13   Next: 63%
Magic:  19/19      EV:  8    Int: 28    God:    Cheibriados [*****.]
Gold:   1108       SH: 13    Dex: 23    Spells: 14/18 levels left

rFire    + . .     SeeInvis .   N - +3 war axe (freeze)
rCold    . . .     Gourm    .   o - +0 shield
rNeg     . . .     Faith    +   O - +2 chain mail {rPois}
rPois    +         Spirit   .   g - +0 helmet
rElec    .         Reflect  .   (no cloak)
rCorr    .         Harm     .   (no gloves)
MR       +....                  d - +0 pair of boots
Stlth    ..........             R - amulet of faith
HPRegen  0.29/turn              p - +4 ring of protection
MPRegen  0.16/turn              f - ring of protection from fire

@: about to teleport, corroded, very slow
A: small, slowness 1, armour attunement
a: Bend Time, Temporal Distortion, Slouch, Step From Time, Renounce Religion


You were on level 4 of the Lair of Beasts.
You worshipped Cheibriados.
Cheibriados was extremely pleased with you.
You were not hungry.

You visited 2 branches of the dungeon, and saw 13 of its levels.

You collected 1108 gold pieces.

Inventory:

Hand Weapons
 a - a +1 mace
 i - a +2 whip of electrocution
   (You took it off a kobold on level 2 of the Dungeon)
 N - a +3 war axe of freezing (weapon)
   (You took it off a wight on level 8 of the Dungeon)
Missiles
 j - 372 poisoned needles
 y - 159 sling bullets
 L - 1528 stones (quivered)
Armour
 d - a +0 pair of boots (worn)
   (You found it on level 4 of the Lair of Beasts)
 g - a +0 helmet (worn)
   (You found it on level 1 of the Dungeon)
 o - a +0 shield (worn)
 O - a +2 chain mail of poison resistance (worn)
   (You took it off an orc warrior on level 8 of the Dungeon)
Jewellery
 c - an uncursed ring of protection from cold
   (You found it on level 6 of the Dungeon)
 f - a ring of protection from fire (right hand)
   (You took it off an orc wizard on level 7 of the Dungeon)
 k - an uncursed ring of positive energy
   (You found it on level 2 of the Dungeon)
 m - an uncursed ring of protection from magic
   (You found it on level 4 of the Dungeon)
 p - a +4 ring of protection (left hand)
   (You found it on level 8 of the Dungeon)
 x - an uncursed ring of insulation
   (You found it on level 5 of the Dungeon)
 Q - an uncursed amulet of regeneration
   (You found it on level 2 of the Lair of Beasts)
 R - an amulet of faith (around neck)
   (You found it on level 2 of the Lair of Beasts)
Wands
 b - a wand of iceblast (6)
   (You found it on level 1 of the Lair of Beasts)
 B - a wand of enslavement (10)
   (You found it on level 2 of the Lair of Beasts)
 M - a wand of flame (13)
   (You took it off a wight on level 8 of the Dungeon)
Scrolls
 t - 3 scrolls of teleportation
 v - 2 scrolls of immolation
 z - a scroll of fear {unknown}
 C - a scroll of vulnerability
 F - a scroll of fog
 G - 5 scrolls of magic mapping
 H - 2 scrolls of amnesia
 I - a scroll of enchant armour
Potions
 l - 5 potions of lignification
 n - a potion of resistance
 q - 7 potions of curing
 s - a potion of agility
 u - a potion of berserk rage {unknown}
 A - a potion of flight {unknown}
 J - 4 potions of invisibility
 K - a potion of mutation {unknown}
Miscellaneous
 h - a lamp of fire (inert)
   (You found it on level 3 of the Lair of Beasts)
 w - a sack of spiders
Comestibles
 e - 25 rations {!d}


   Skills:
 + Level 11.2 Fighting
 + Level 13.4(14.6) Axes
 - Level 12.2(15.4) Maces & Flails
 - Level 8.0 Armour
 - Level 2.4 Stealth
 - Level 6.0 Shields
 - Level 3.0 Spellcasting
 - Level 0.7 Hexes
 - Level 3.0 Charms
 - Level 2.0 Summonings
 - Level 5.1 Earth Magic
 + Level 9.0 Invocations
 + Level 5.9 Evocations


You had 14 spell levels left.
You knew the following spells:

 Your Spells              Type           Power        Failure   Level  Hunger
a - Sandblast             Erth           ####..       4%          1    None
b - Infusion              Chrm           ###.....     10%         1    None
c - Slow                  Hex            #.......     24%         1    None
d - Summon Butterflies    Summ           ###.....     14%         1    None

Your spell library contained the following spells:

 Spells                   Type           Power        Failure   Level  Hunger
 Apportation              Tloc           #.....       32%         1    None


Dungeon Overview and Level Annotations

Branches:
Dungeon (9/12)             Temple (0/1) D:5            Lair (4/6) D:8
 Shoals (0/3) Lair:3        Snake (0/3) Lair:2          Orc (0/1) D:8

Altars:
Ashenzari
Cheibriados
Dithmenos
Elyvilon
Gozag
Trog
Uskayaw
Vehumet
Xom
Yredelemnul

Annotations:
Lair:3 exclusion: oklob plant
Lair:4 2 transporters, dscm's ghost, journeyman OpAc


Innate Abilities, Weirdness & Mutations

You are small and have problems with some larger weapons.
You cover ground slowly.
Armour does not affect your spellcasting.


Message History

You hit the fire crab. You freeze the fire crab.
The fire crab is lightly wounded.
You block the fire crab's attack. The fire crab claws you!
You are engulfed in flames.
You resist.
You hit the fire crab but do no damage.
The fire crab is lightly wounded.
You block the fire crab's attack. The fire crab claws you.
You are engulfed in flames.
You resist.
You barely miss the fire crab.
The fire crab is lightly wounded.
You block the fire crab's attack. The fire crab closely misses you.
You hit the fire crab. You freeze the fire crab.
The fire crab is lightly wounded.
You hit the fire crab. You freeze the fire crab.
The fire crab is lightly wounded.
You block the fire crab's attack. The fire crab closely misses you.
You hit the fire crab but do no damage.
The fire crab is lightly wounded.
The fire crab closely misses you. The fire crab barely misses you.
You hit the fire crab but do no damage.
The fire crab is lightly wounded.
The fire crab closely misses you.
The fire crab claws you but does no damage.
Evoke which item? (* to show all) (? for menu, Esc to quit)
Aim the lamp in which direction?
Press: ? - help, Dir - move target cursor The flames dance!
The trail of fire hits the fire crab.
The fire crab completely resists.
The fire crab is lightly wounded.
The trail of fire misses the entropy weaver.
The entropy weaver is engulfed in blazing flames.
The fire crab bites you but does no damage.
The fire crab claws you but does no damage.
The entropy weaver is engulfed in blazing flames.
You hit the fire crab. You freeze the fire crab.
The fire crab is lightly wounded.
The fire crab bites you.
You are engulfed in flames.
You resist. The fire crab claws you.
You are engulfed in flames.
You resist.
The entropy weaver is engulfed in blazing flames.
You hit the fire crab but do no damage.
The fire crab is lightly wounded.
The entropy weaver is engulfed in blazing flames.
You hit the fire crab but do no damage.
The fire crab is lightly wounded.
The fire crab breathes flames at you. The blast of flame engulfs you!
You resist.
The entropy weaver is engulfed in blazing flames.
You hit the fire crab but do no damage.
The fire crab is lightly wounded.
You are engulfed in blazing flames.
You resist. You block the fire crab's attack.
The fire crab claws you but does no damage.
The entropy weaver is engulfed in blazing flames.
You hit the fire crab but do no damage.
The fire crab is lightly wounded.
You are engulfed in blazing flames.
You resist. The fire crab breathes flames at you.
The blast of flame engulfs you!
The entropy weaver is engulfed in blazing flames.
You hit the fire crab. You freeze the fire crab.
The fire crab is moderately wounded.
The fire crab bites you but does no damage.
The fire crab claws you but does no damage.
The entropy weaver is engulfed in blazing flames.
You slash the fire crab! You freeze the fire crab.
The fire crab is heavily wounded.
The fire crab breathes flames at you. The blast of flame engulfs you!
You resist.
The entropy weaver is engulfed in blazing flames.
The entropy weaver gestures wildly while chanting.
The entropic weave corrodes you!
You closely miss the fire crab.
The fire crab is heavily wounded.
You are engulfed in blazing flames.
You resist.
The entropy weaver is engulfed in blazing flames.
You kill the entropy weaver!
Cheibriados appreciates the change of pace.
Your Invocations skill increases to level 9!
You block the fire crab's attack.
The fire crab claws you but does no damage.
You hit the fire crab but do no damage.
The fire crab is heavily wounded.
You are engulfed in blazing flames.
You resist. The fire crab breathes flames at you.
The blast of flame engulfs you! You resist.
You hit the fire crab but do no damage.
The fire crab is heavily wounded.
You are engulfed in blazing flames.
You resist.
A fire crab comes into view.
You hit the fire crab but do no damage.
The fire crab is heavily wounded.
The fire crab breathes flames at you. The blast of flame engulfs you!
You resist.
As you read the scroll of teleportation, it crumbles to dust.
You feel strangely unstable.
You are engulfed in blazing flames.
You resist.
* * * LOW HITPOINT WARNING * * *
The fire crab breathes flames at you. The blast of flame misses you.
You are engulfed in blazing flames.
You resist.
You die...

......P#
#.##.###.# #.
.......# #°####
### #. .P##..##
#°# ######.
....P..# #°#
#...##. .......#
#°# ##...P..
.......# #°#
#.......
.....### #°#
##...... .....#
#°# #.....#
.....# #@#
#.....# ....##
#○# ###..©#
....# ÷.t°.°t°#
#...# #..##
######### ##..#
...# ### ###
#P... ...# ##.#
####.#######...
...####..###
#..........#.#.
...........##
##.............#
....P#.....P#
#..........##.##


You could see a fire crab.

Vanquished Creatures
  2 entropy weavers (Lair:4)
  Snorg (Lair:3)
  4 hydras
  A catoblepas (Lair:3)
  A death yak (Lair:3)
  2 fire crabs (Lair:4)
  3 black mambas (Lair:2)
  8 elephants
  7 cane toads
  2 rime drakes
  4 komodo dragons
  A troll (D:8)
  11 blink frogs
  5 dream sheep (Lair:4)
  Grinder (D:3)
  2 hippogriffs
  A wyvern (D:8)
  A fire elemental (Lair:3)
  8 basilisks
  29 yaks
  3 hungry ghosts
  2 nagas (Lair:2)
  9 crocodiles
  6 water moccasins
  3 porcupines
  A swamp drake (D:8)
  6 orc warriors
  2 ice beasts
  3 sky beasts
  4 ogres
  A necrophage (D:8)
  9 wolves
  2 phantoms
  6 centaurs
  8 bullfrogs
  A scorpion (D:6)
  6 killer bees (D:7)
  11 wights
  2 electric eels (D:8)
  5 howler monkeys
  4 crimson imps
  A lava snake (Lair:3)
  3 orc priests (D:8)
  A hound (D:7)
  A jelly (D:7)
  A centaur skeleton (D:4)
  9 orc wizards
  2 iguanas
  5 worker ants
  A hound zombie (D:5)
  3 gnolls (D:2)
  10 adders
  A shadow imp (D:5)
  An ooze (D:4)
  An adder skeleton (D:5)
  3 worms
  4 dart slugs
  2 leopard geckos
  37 orcs
  10 bats
  5 giant cockroaches
  2 goblins
  7 hobgoblins
  2 quokkas (D:3)
  A ball python (D:4)
  3 frilled lizards
  A jackal skeleton (D:5)
  A jackal zombie (D:7)
  8 kobolds
  A leopard gecko skeleton (D:4)
  6 rats
  A butterfly (D:5)
  2 fungi
324 creatures vanquished.

Vanquished Creatures (others)
  5 fungi
  19 plants
24 creatures vanquished.

Grand Total: 348 creatures vanquished

Notes
Turn   | Place    | Note
-------+----------+-------------------------------------------
     0 | D:1      | Artagas the Sand Dwarf Sloth Apostle began the quest for
                  | the Orb.
     0 | D:1      | Reached XP level 1. HP: 18/18 MP: 2/2
   146 | D:1      | Reached XP level 2. HP: 25/25 MP: 3/3
   268 | D:1      | Reached skill level 3 in Fighting
   469 | D:1      | Reached skill level 4 in Maces & Flails
   819 | D:1      | Reached XP level 3. HP: 29/31 MP: 4/4
  1015 | D:1      | Reached * piety under Cheibriados
  1253 | D:2      | Found a snail-covered altar of Cheibriados.
  1533 | D:2      | Reached skill level 5 in Maces & Flails
  1808 | D:2      | Reached XP level 4. HP: 38/38 MP: 5/5
  1850 | D:2      | Reached skill level 6 in Maces & Flails
  2083 | D:2      | Found a shattered altar of Ashenzari.
  2318 | D:3      | Reached XP level 5. HP: 45/45 MP: 6/6
  2381 | D:3      | Reached skill level 7 in Maces & Flails
  2383 | D:3      | Reached ** piety under Cheibriados
  2874 | D:3      | Found a radiant altar of Vehumet.
  2915 | D:3      | Reached skill level 4 in Fighting
  2995 | D:3      | Noticed Grinder
  3009 | D:3      | Killed Grinder
  3009 | D:3      | Reached skill level 5 in Fighting
  3009 | D:3      | Reached skill level 8 in Maces & Flails
  3009 | D:3      | Reached XP level 6. HP: 55/56 MP: 7/7
  3021 | D:3      | Found an opulent altar of Gozag.
  3351 | D:4      | Noticed a sky beast
  3390 | D:4      | Killed a sky beast
  3390 | D:4      | Reached skill level 1 in Armour
  3390 | D:4      | Reached XP level 7. HP: 28/61 MP: 8/8
  3821 | D:4      | Noticed a +0 dagger
  3821 | D:4      | Noticed a +0 hand axe
  3823 | D:4      | Found a hide-covered altar of Uskayaw.
  3890 | D:4      | Reached *** piety under Cheibriados
  3936 | D:4      | Reached skill level 2 in Armour
  4213 | D:5      | Entered Level 5 of the Dungeon
  4230 | D:5      | Reached skill level 3 in Shields
  4238 | D:5      | Reached skill level 9 in Maces & Flails
  4453 | D:5      | Found a basalt altar of Yredelemnul.
  4464 | D:5      | Got a faintly humming buckler
  4539 | D:5      | Found a bloodstained altar of Trog.
  4633 | D:5      | Found a staircase to the Ecumenical Temple.
  4723 | D:5      | Found a shimmering altar of Xom.
  4815 | D:5      | Reached skill level 6 in Fighting
  5086 | D:5      | Found a white marble altar of Elyvilon.
  5184 | D:6      | Reached skill level 3 in Armour
  5184 | D:6      | Reached XP level 8. HP: 67/70 MP: 9/9
  5581 | D:6      | Reached skill level 4 in Shields
  5594 | D:6      | Reached skill level 4 in Armour
  5678 | D:6      | Reached skill level 7 in Fighting
  5678 | D:6      | Reached skill level 10 in Maces & Flails
  5678 | D:6      | Reached skill level 1 in Invocations
  5695 | D:6      | Reached **** piety under Cheibriados
  5695 | D:6      | Reached skill level 2 in Invocations
  5833 | D:6      | Reached skill level 3 in Invocations
  5839 | D:6      | Reached XP level 9. HP: 71/79 MP: 11/11
  5925 | D:6      | Reached skill level 4 in Invocations
  6552 | D:7      | Reached skill level 5 in Invocations
  6564 | D:7      | Reached skill level 8 in Fighting
  6564 | D:7      | Reached skill level 11 in Maces & Flails
  6894 | D:7      | Reached skill level 12 in Maces & Flails
  6969 | D:7      | Learned a level 1 spell: Sandblast
  6971 | D:7      | Learned a level 1 spell: Infusion
  6973 | D:7      | Learned a level 1 spell: Summon Butterflies
  7174 | D:7      | Found a shadowy altar of Dithmenos.
  7231 | D:8      | Reached skill level 1 in Earth Magic
  7231 | D:8      | Reached XP level 10. HP: 76/88 MP: 10/13
  7286 | D:8      | Found a staircase to the Lair.
  7382 | D:8      | Reached skill level 5 in Armour
  7382 | D:8      | Reached skill level 2 in Earth Magic
  7439 | D:8      | Reached skill level 2 in Spellcasting
  8275 | D:8      | Reached skill level 3 in Earth Magic
  8311 | D:8      | Reached skill level 5 in Shields
  8352 | D:8      | Reached skill level 1 in Charms
  8789 | D:8      | Reached skill level 9 in Fighting
  8932 | D:8      | Found a staircase to the Orcish Mines.
  8992 | D:8      | Reached ***** piety under Cheibriados
  8992 | D:8      | Reached skill level 3 in Spellcasting
  9116 | D:8      | Reached skill level 6 in Armour
  9116 | D:8      | Reached skill level 6 in Invocations
  9157 | D:8      | Reached skill level 2 in Charms
  9424 | D:9      | Reached skill level 4 in Earth Magic
  9433 | D:9      | Noticed a cyan ugly thing
  9440 | D:9      | Reached XP level 11. HP: 82/97 MP: 15/15
  9780 | Lair:1   | Entered Level 1 of the Lair of Beasts
  9868 | Lair:1   | Reached skill level 3 in Charms
  9999 | Lair:1   | Noticed an eight-headed hydra
 10009 | Lair:1   | Killed an eight-headed hydra
 10009 | Lair:1   | Reached skill level 6 in Shields
 10009 | Lair:1   | Reached skill level 5 in Earth Magic
 10460 | Lair:1   | Reached skill level 7 in Armour
 10645 | Lair:1   | Identified the +0 buckler of Gyitwut {rC+} (You found it on
                  | level 5 of the Dungeon)
 10759 | Lair:1   | Reached skill level 10 in Fighting
 10759 | Lair:1   | Reached skill level 1 in Axes
 10835 | Lair:1   | Reached skill level 2 in Axes
 10835 | Lair:1   | Reached skill level 7 in Invocations
 10862 | Lair:1   | Reached skill level 3 in Axes
 11047 | Lair:1   | Reached skill level 4 in Axes
 11461 | Lair:1   | Reached skill level 5 in Axes
 11461 | Lair:1   | Reached skill level 8 in Invocations
 11529 | Lair:2   | Noticed a four-headed hydra
 11538 | Lair:2   | Killed a four-headed hydra
 11538 | Lair:2   | Reached skill level 6 in Axes
 11538 | Lair:2   | Reached XP level 12. HP: 97/106 MP: 14/18
 11584 | Lair:2   | Found a staircase to the Snake Pit.
 11597 | Lair:2   | Reached skill level 7 in Axes
 11617 | Lair:2   | Noticed a six-headed hydra
 11628 | Lair:2   | Killed a six-headed hydra
 11628 | Lair:2   | Reached skill level 8 in Axes
 11857 | Lair:2   | Reached skill level 9 in Axes
 12221 | Lair:2   | Reached skill level 10 in Axes
 12674 | Lair:2   | Reached skill level 1 in Summonings
 13385 | Lair:3   | Reached skill level 2 in Summonings
 13482 | Lair:3   | Noticed Snorg
 13488 | Lair:3   | Killed Snorg
 13488 | Lair:3   | Reached skill level 11 in Axes
 13816 | Lair:3   | Found a staircase to the Shoals.
 13873 | Lair:3   | Noticed a catoblepas
 13875 | Lair:3   | Noticed a five-headed hydra
 13877 | Lair:3   | Noticed a death yak
 14118 | Lair:3   | Reached skill level 12 in Axes
 14233 | Lair:3   | Killed a five-headed hydra
 14309 | Lair:3   | Killed a catoblepas
 14309 | Lair:3   | HP: 11/106 [death yak (18)]
 14662 | Lair:3   | Reached skill level 2 in Evocations
 14837 | Lair:3   | Reached XP level 13. HP: 94/113 MP: 19/19
 14869 | Lair:3   | Reached skill level 3 in Evocations
 16088 | Lair:4   | Reached skill level 4 in Evocations
 16098 | Lair:4   | Reached skill level 8 in Armour
 16218 | Lair:4   | Reached skill level 13 in Axes
 16336 | Lair:4   | Found a transporter.
 16348 | Lair:4   | Noticed dscm's ghost (journeyman OpAc)
 16348 | Lair:4   | Identified the +10 spear of Fiarap {holy, MR+ Dex+3}
 16360 | Lair:4   | Found a bloodstained altar of Trog.
 16522 | Lair:4   | Found a transporter.
 16532 | Lair:4   | Reached skill level 5 in Evocations
 16750 | Lair:4   | Found a runed door.
 17231 | Lair:4   | Noticed an entropy weaver
 17234 | Lair:4   | Reached skill level 11 in Fighting
 17244 | Lair:4   | Killed an entropy weaver
 17409 | Lair:4   | Noticed an entropy weaver
 17427 | Lair:4   | Killed an entropy weaver
 17427 | Lair:4   | Reached skill level 9 in Invocations
 17432 | Lair:4   | Engulfed by a fire crab's flame

Skill      XL: |  1  2  3  4  5  6  7  8  9 10 11 12 13 |
---------------+----------------------------------------+-----
Fighting       | 3 5 6 7 8 9 10 11 | 11.2
Maces & Flails | 4 5 6 8 9 10 12 | 12.2
Armour         | 1 3 4 6 7 8 |  8.0
Shields        | 3 4 5 6 |  6.0
Invocations    | 3 5 6 8 9 |  9.0
Earth Magic    | 1 4 5 |  5.1
Spellcasting   | 3 |  3.0
Charms         | 2 3 |  3.0
Axes           | 6 12 13 | 13.4
Summonings     | 2 |  2.0
Evocations     | 2 5 |  5.9
Stealth        | |  2.4
Hexes          | |  0.7

Action                   |  1- 3 |  4- 6 |  7- 9 | 10-12 | 13-15 || total
-------------------------+-------+-------+-------+-------+-------++-------
Melee: Mace              |   103 |       |       |       |       ||   103
       Whip              |     5 |   108 |   237 |   572 |       ||   922
       War axe           |       |       |       |    66 |   156 ||   222
Throw: Stone             |    36 |     9 |       |     1 |       ||    46
       Tomahawk          |       |     2 |    44 |     2 |       ||    48
 Cast: Sandblast         |       |       |     2 |    72 |    12 ||    86
       Infusion          |       |       |     1 |    10 |       ||    11
       Slow              |       |       |       |     1 |       ||     1
       Summon Butterflie |       |       |       |     1 |       ||     1
Invok: Bend Time         |       |     1 |       |     5 |     2 ||     8
       Slouch            |       |       |     2 |     7 |       ||     9
       Temporal Distorti |       |       |       |     1 |       ||     1
Evoke: Wand              |     4 |     6 |       |     8 |     1 ||    19
       Lamp of fire      |       |       |       |       |     1 ||     1
  Use: Scroll            |     2 |     2 |     4 |    15 |     3 ||    26
       Potion            |       |       |       |     6 |       ||     6
 Stab: Sleeping          |     6 |       |       |       |       ||     6
       Paralysed         |     3 |     4 |       |       |       ||     7
  Eat: Chunk             |     2 |     3 |    14 |    28 |       ||    47
Armor: Robe              |    20 |       |       |       |       ||    20
       Chain mail        |       |    39 |    51 |   152 |    54 ||   296
       Plate armour      |       |       |     4 |    39 |       ||    43
Dodge: Dodged            |    35 |    15 |    33 |   128 |    27 ||   238
Block: Shield            |    52 |    29 |    89 |   283 |    73 ||   526

Levels and vault maps discovered:
D:1:      roderic_octagonal_star, layout_loops_ring
D:2:      layout_rooms, ashenzari_conservatory_becter, kennysheep_slug_shrine
D:3:      layout_loops_corners, nicolae_overflow_hidden_temple,
          lemuel_doored_altar, first_ration, uniq_grinder
D:4:      layout_rooms, dancing_weapons_uskayaw
D:5:      layout_basic, kennysheep_ying_yang, nicolae_overflow_crystal_walls,
          kennysheep_little_box, minmay_temple_entry_butterflies
D:6:      layout_loops_cross
D:7:      layout_cave_pools, nicolae_dithmenos_through_a_glass_darkly
D:8:      layout_basic, erik_lair_dragon, erik_orc_2
D:9:      layout_rooms, ebering_ghost_gozag, serial_shops, shop
Lair:1:   layout_long_grid, infiniplex_staircase_pool
Lair:2:   layout_misc_corridors, guppyfry_snake_entry_island, grunt_megastairs_2
Lair:3:   layout_gridlike, minmay_shoals_entry_centaurs,
          hangedman_lair_generics_rect, uniq_snorg
Lair:4:   gammafunk_mikee_crab_dinner, layout_gridlike,
          gammafunk_ghost_wrathful_warriors, chequers_serial_rivers_room_b

Table legend:
 A = Turns spent in this place as a percentage of turns spent in the entire game.
 B = Non-inter-level travel turns spent in this place as a percentage of non-inter-level travel turns spent in the entire game.
 C = Inter-level travel turns spent in this place as a percentage of turns spent in this place.
 D = Turns resting spent in this place as a percentage of non-inter-level travel turns spent in this place.
 E = Turns spent auto-exploring this place as a percentage of non-inter-level travel turns spent in this place.
 F = Non-inter-level travel turns spent in this place divided by the number of levels of this place that you've seen.
                   A       B       C       D       E      F
               +-------+-------+-------+-------+-------+----------------------
         Total | 100.0 | 100.0 |   3.1 |  26.9 |  55.8 | 1299.6
       Dungeon |  56.1 |  55.2 |   4.6 |  21.8 |  59.1 | 1036.8
          Lair |  43.9 |  44.8 |   1.2 |  33.3 |  51.8 | 1891.0
               +-------+-------+-------+-------+-------+----------------------

Table legend:
 A = Kills in this place as a percentage of kills in entire the game.
 B = Kills by you in this place as a percentage of kills by you in the entire game.
 C = Kills by friends in this place as a percentage of kills by friends in the entire game.
 D = Other kills in this place as a percentage of other kills in the entire game.
 E = Experience gained in this place as a percentage of experience gained in the entire game.
 F = Experience gained in this place divided by the number of levels of this place that you have seen.
                   A       B       C       D       E      F
               +-------+-------+-------+-------+-------+----------------------
         Total | 100.0 | 100.0 |   N/A |   N/A | 100.0 | 3550.3
       Dungeon |  62.9 |  62.9 |   N/A |   N/A |  20.8 | 1066.9
          Lair |  37.1 |  37.1 |   N/A |   N/A |  79.2 | 9138.0
               +-------+-------+-------+-------+-------+----------------------
